 Dungeon Crawl Stone Soup version 0.21.1-1-g345015fe64 (webtiles) character file.

73 Hercules1031 the Sneak (level 4, -1/23 HPs)
             Began as a Spriggan Assassin on June 10, 2018.
             Killed from afar by an orc wizard (10 damage)
             ... with a puff of flame
             ... on level 3 of the Dungeon.
             The game lasted 00:10:16 (1743 turns).

Hercules1031 the Sneak (Spriggan Assassin)          Turns: 1743, Time: 00:10:17

Health: -1/23      AC:  4    Str:  7      XL:     4   Next: 8%
Magic:  5/5        EV: 23    Int: 11 (12) God:
Gold:   160        SH:  6    Dex: 20 (23) Spells: 3/3 levels left

rFire    . . .     SeeInvis +   a - +2 dagger
rCold    . . .     Gourm    .   n - +0 buckler
rNeg     . . .     Faith    .   c - +0 robe
rPois    .         Spirit   .   (helmet restricted)
rElec    .         Reflect  .   d - +1 cloak
rCorr    .         Harm     .   (gloves unavailable)
MR       .....                  (boots unavailable)
Stlth    +++++.....             (no amulet)
HPRegen  0.07/turn              (no ring)
MPRegen  0.09/turn              (no ring)

@: agile, very quick
A: very small, unfitting armour, see invisible, herbivore, speed 3, slow
metabolism 2
a: no special abilities


You were on level 3 of the Dungeon.
You were not hungry.

You visited 1 branch of the dungeon, and saw 3 of its levels.

You collected 160 gold pieces.

Inventory:

Hand Weapons
 a - a +2 dagger (weapon)
 b - a +0 blowgun
 i - a +2 falchion of holy wrath
Missiles
 e - 8 poisoned needles
 f - 2 curare-tipped needles
Armour
 c - a +0 robe (worn)
 d - a +1 cloak (worn)
 n - a +0 buckler (worn)
Jewellery
 h - an uncursed ring of poison resistance {unknown}
 o - a +4 ring of evasion {unknown}
 p - an uncursed amulet of the gourmand
Scrolls
 j - 2 scrolls of blinking
 m - a scroll of magic mapping
Potions
 l - 6 potions of curing
Comestibles
 g - 3 rations


   Skills:
 + Level 2.0 Fighting
 + Level 2.7 Short Blades
 - Level 2.0 Throwing
 * Level 3.6 Dodging
 + Level 6.4 Stealth
 + Level 0.7 Shields


You had 3 spell levels left.
You didn't know any spells.

Dungeon Overview and Level Annotations

Branches:
Dungeon (3/15)

Altars:
Vehumet


Innate Abilities, Weirdness & Mutations

You are very small and have problems with some larger weapons.
You are too small for most types of armour.
You have supernaturally acute eyesight. (SInv)
You are a herbivore.
You cover ground extremely quickly.
You need consume almost no food.


Message History

The worm is severely wounded.
The orc closely misses you. You block the worm's attack.
You hit the worm.
The worm is almost dead.
The orc misses you.
You completely miss the worm.
The worm is almost dead.
The orc hits you. The worm misses you.
You hit the worm.
The worm is almost dead.
You hit the worm but do no damage.
The worm is almost dead.
The worm completely misses you.
You hit the worm.
The worm is almost dead.
You hit the worm.
You kill the worm!
The orc wizard gestures at you while chanting.
The puff of flame hits you!
You die...

#.#####.##### ##
## #............ .
. #######.#####
.#. .....##.# ...
###...#.#
#.####.......#
#.#........#.#####
#.#.#.#..........#
#@#.#.#....###.#.#
#.o...#....# #...#
#oo#######.# #.#)#
#oo...# .....##.#
#.......#.# .##.#
#.# #####.#...# .#
#.# #.# #.#.....#
# # #.# .....#....
#.# $.........#
#.#


You could see an orc wizard (invisible) and 4 orcs.

Vanquished Creatures
  3 adders (D:2)
  A worm (D:3)
  4 dart slugs
  A leopard gecko (D:2)
  4 bats
  3 giant cockroaches
  5 goblins
  2 hobgoblins (D:2)
  2 quokkas (D:2)
  A frilled lizard (D:1)
  3 kobolds
  A leopard gecko zombie (D:3)
  5 rats
35 creatures vanquished.

Notes
Turn   | Place    | Note
-------+----------+-------------------------------------------
     0 | D:1      | Hercules1031 the Spriggan Assassin began the quest for the Orb.
     0 | D:1      | Reached XP level 1. HP: 10/10 MP: 2/2
   194 | D:1      | Reached skill level 6 in Stealth
   369 | D:1      | Reached XP level 2. HP: 15/15 MP: 3/3
   841 | D:2      | Found a radiant altar of Vehumet.
  1398 | D:2      | Reached XP level 3. HP: 18/18 MP: 4/4
  1676 | D:3      | Reached XP level 4. HP: 23/23 MP: 5/5
  1743 | D:3      | Killed from afar by an orc wizard

Skill      XL: |  1  2  3 |
---------------+----------+-----
Dodging        | 2 3 |  3.6
Stealth        | 6 |  6.4
Fighting       | 2 |  2.0
Short Blades   | |  2.7
Throwing       | |  2.0
Shields        | |  0.7

Action                   |  1- 3 |  4- 6 || total
-------------------------+-------+-------++-------
Melee: Dagger            |   100 |    34 ||   134
  Use: Potion            |     4 |     2 ||     6
       Scroll            |     7 |       ||     7
 Stab: Sleeping          |    11 |       ||    11
       Distracted        |     1 |       ||     1
  Eat: Ration            |     1 |       ||     1
Armor: Robe              |    18 |     4 ||    22
Dodge: Dodged            |   103 |    40 ||   143
Block: Buckler           |    15 |     7 ||    22
